 Dungeon Crawl Stone Soup version 0.27.1-37-g7b29ead8ac (console) character file.

Game seed: 8621922102410610453

13463 grimtooth the Destroyer (level 11, -2/89 HPs)
             Began as a Demigod Fire Elementalist on Apr 7, 2023.
             Engulfed by a cloud of freezing vapour (9 damage)
             ... in a Gauntlet.
             The game lasted 01:16:34 (17899 turns).

grimtooth the Destroyer (DgFE)                     Turns: 17899, Time: 01:16:34

Health: -2/89      AC:  9    Str:  9    XL:     11   Next: 47%
Magic:  1/20       EV: 14    Int: 29    God:
Gold:   522        SH:  0    Dex: 14    Spells: 5/18 levels left

rFire    . . .     SeeInvis +   f - +6 scimitar {flame, +Blink rF- rC+}
rCold    + . .     Faith    .   (no shield)
rNeg     . . .     Spirit   .   o - +1 animal skin
rPois    +         Reflect  .   n - +0 helmet {SInv}
rElec    .         Harm     .   x - +1 cloak {rCorr}
rCorr    +         Rampage  .   i - +2 pair of gloves
Will     +....     NoTele   +   (no boots)
Stlth    ++........             (no amulet)
HPRegen  0.24/turn              K - ring of poison resistance
MPRegen  0.17/turn              R - ring of protection from fire

@: no status effects
A: high mp 1, forlorn
a: Evoke Blink


You were in a Gauntlet.
You visited 3 branches of the dungeon, and saw 13 of its levels.
You also visited: Gauntlet.

You collected 684 gold pieces.
You spent 162 gold pieces at shops.

Inventory:

Hand Weapons
 f - the +6 scimitar of Gluttony (weapon) {flame, +Blink rF- rC+}
   (You found it on level 1 of the Lair of Beasts)

   It burns those it strikes, dealing additional fire damage.
   Big, fiery blades are also staple armaments of hydra-hunters.
   rF:        It makes you vulnerable to fire.
   rC:        It protects you from cold.
   +Blink:    It lets you blink.
 r - a +6 dagger
Missiles
 c - 64 stones (quivered)
 v - 64 poisoned darts
 G - 10 boomerangs
 N - 7 curare-tipped darts
 Q - a throwing net {=f}
Armour
 g - a scarf of repulsion
 i - a +2 pair of gloves (worn)
 n - a +0 helmet of see invisible (worn)
 o - a +1 animal skin (worn)
 x - a +1 cloak of preservation (worn)
Magical Staves
 s - a staff of air
Jewellery
 K - a ring of poison resistance (left hand)
 R - a ring of protection from fire (right hand)
Wands
 l - a wand of flame (33)
 m - a wand of digging (3)
 u - a wand of polymorph (9)
 w - a wand of paralysis (7)
 B - a wand of acid (10)
 M - a wand of mindburst (13)
Scrolls
 b - 3 scrolls of fog
 d - 2 scrolls of vulnerability
 e - 3 scrolls of fear
 j - a scroll of magic mapping {unknown}
 p - a scroll of noise {unknown}
 A - 2 scrolls of enchant weapon {unknown}
 H - 2 scrolls of teleportation
Potions
 a - a potion of might {unknown}
 h - 3 potions of lignification
 k - 4 potions of haste
 t - 4 potions of curing
 z - a potion of ambrosia
 L - 2 potions of brilliance
 O - a potion of magic {unknown}


   Skills:
 - Level 6.0 Fighting
 - Level 6.0 Dodging
 - Level 3.0 Stealth
 - Level 4.0 Spellcasting
 + Level 11.9 Conjurations
 - Level 9.0 Fire Magic


You had 5 spell levels left.
You knew the following spells:

 Your Spells              Type           Power      Damage    Failure   Level
a - Foxfire               Conj/Fire      100%       2x1d9     1%          1
c - Conjure Flame         Conj/Fire      61%        6-21      1%          3
d - Sticky Flame          Conj/Fire      61%        2d8       1%          4
f - Fireball              Conj/Fire      30%        3d13      2%          5

Your spell library contained the following spells:

 Spells                   Type           Power      Damage    Failure   Level
 Inner Flame              Hex/Fire       31%        N/A       3%          3
 Sublimation of Blood     Necr           2%         N/A       11%         2
 Wereblood                Tmut           5%         N/A       11%         2
 Irradiate                Conj/Tmut      20%        3d20      17%         5
 Petrify                  Tmut/Erth      5%         N/A       56%         4
 Summon Hydra             Summ           2%         N/A       100%        7


Dungeon Overview and Level Annotations

Branches:
Dungeon (10/15)            Temple (0/1) D:7            Lair (2/6) D:8
    Orc (1/2) D:10        Gauntlet (1/1)
  Swamp: Lair:2-4    Shoals: Lair:2-4     Snake: Lair:2-4    Spider: Lair:2-4

Shops:
D:4 ?

Annotations:
D:8 Gastronok
D:10 exclusion: wizard, Harold Gauntlet 11 transporters, 1 runed translucent door, exclusion: orange crystal statue


Innate Abilities, Weirdness & Mutations

Your attributes grow dramatically as you level up.
You have an increased reservoir of magic. (+10% MP)
You shall have no god before yourself.


Message History

You feel much better. The ice beast misses you.
You riposte.
You hit the ice beast.
You melt the ice beast.
The ice beast is lightly wounded.
The ice statue gestures.
You fail to use your ability.
The ice beast hits you but does no damage.
The ice statue gestures at you. The freezing blast engulfs you. You resist.
* * * LOW HITPOINT WARNING * * *
The ice beast misses you.
Casting: Sticky Flame (mildly dangerous; 1% risk of failure)
Confirm with . or Enter, or press ? or * to list all spells.
Aiming: Fireball (dangerous; 2% risk of failure)
Press: ? - help, Shift-Dir - straight line, f - ice statue
Aim: an ice statue (freezing vapour, severely damaged)
The fireball explodes!
The fireball engulfs the ice statue!
The ice statue melts!
The ice statue is almost destroyed.
You hear a sizzling sound! x2
You are engulfed in freezing vapours.
You resist.
* * * LOW HITPOINT WARNING * * *
The ice beast hits you but does no damage.
The ice beast barely misses you.
You riposte.
You hit the ice beast.
You melt the ice beast.
The ice beast is moderately wounded.
The ice statue gestures at you. The freezing blast engulfs you! You resist.
* * * LOW HITPOINT WARNING * * *
Casting: Fireball (dangerous; 2% risk of failure)
Confirm with . or Enter, or press ? or * to list all spells.
Aiming: Fireball (dangerous; 2% risk of failure)
Press: ? - help, Shift-Dir - straight line, f/p - ice statue
Aim: an ice statue (freezing vapour, almost destroyed)
The fireball explodes!
The fireball engulfs the ice statue!!
The ice statue melts!
You destroy the ice statue!
The ice beast disappears in a puff of smoke! x3
You hear a sizzling sound! x2
You are engulfed in freezing vapours.
You resist.
You die...

≈≈≈#≈≈≈#≈≈≈#≈≈≈####
................≈≈#
.#########...P...≈#
.#....Y#.#.♣.P....####
.#"###.#.#.....PP..≈≈#
.#?..###.###.♣.♣.♣..≈#
.#©..©.YY#©#.........####
.#...###Y#.#########..≈≈#
.#)###.#p#.#..#.##.#...≈#
.#.....#Y#.###○○#.##....####
.#########.##.##@○####...≈≈#
.........#©#©.#○##☼#©#.♣..≈#
.#########.###○○#.##.#.....####
.#23....2#.##.##..##.#.PP♣..≈≈#
.#.####.3#.#..#.##.#.#....P..≈#
.#)#...#.#.#########.#.♣.P.♣..###
.#©#.©.#.#©#.......#.#.........≈≈
.#"#...#.###..P♣P..#.#########..≈
.#!.####.#....PP.P.#.###.....#...
.#.......#...#≈#≈#.#.####.##.#.∩.
.#########...≈≈≈≈≈.#.#)...##D#...


There were no monsters in sight!

Vanquished Creatures
  A cyclops (D:9)
  A manticore (D:7)
  An ice statue (Gauntlet)
  3 cane toads (Lair:1)
  2 rime drakes (Gauntlet)
  A kobold demonologist (D:9)
  A komodo dragon (Lair:1)
  2 trolls
  6 blink frogs (Lair:1)
  Prince Ribbit (D:5)
  A raiju (Gauntlet)
  A vampire (D:10)
  7 yaks
  Eustachio (D:6)
  2 wyverns
  A basilisk (Lair:1)
  3 steam dragons
  An acid dragon (D:9)
  4 water moccasins (Lair:1)
  A sky beast (D:6)
  8 orc warriors
  A black bear (D:6)
  A hornet zombie (D:6)
  6 ogres
  A centaur (D:10)
  7 wolves (Lair:1)
  A necrophage (D:8)
  14 kobold brigands
  2 gnoll sergeants (D:10)
  5 bullfrogs
  2 scorpions
  A wyvern skeleton (D:7)
  10 killer bees
  10 wights
  5 howler monkeys
  A bullfrog zombie (D:5)
  4 centaur zombies
  A jelly (D:4)
  5 hounds
  Crazy Yiuf (D:2)
  5 orc priests
  A bullfrog skeleton (D:5)
  Ijyb (D:5)
  Terence (D:3)
  3 iguanas
  10 orc wizards
  3 killer bee zombies
  A hound skeleton (D:4)
  A mummy (D:6)
  2 howler monkey zombies
  Robin (D:3)
  3 howler monkey skeletons (D:7)
  6 gnolls (D:10)
  3 adders
  3 shadow imps (D:5)
  3 white imps
  A worm (D:5)
  3 dart slugs
  35 orcs
  9 ball pythons
  5 endoplasms
  6 giant cockroaches
  26 goblins
  13 hobgoblins
  14 jackals
  A quokka (D:2)
  5 bats
  5 frilled lizards
  2 hobgoblin zombies (D:6)
  20 kobolds
  2 orc zombies (D:6)
  7 rats
328 creatures vanquished.

Vanquished Creatures (collateral kills)
  3 foxfires
3 creatures vanquished.

Vanquished Creatures (others)
  A steam dragon (Gauntlet)
  929 foxfires
  A fungus (Lair:1)
  9 plants
940 creatures vanquished.

Grand Total: 1271 creatures vanquished

Notes
Turn   | Place    | Note
-------+----------+-------------------------------------------
     0 | D:1      | grimtooth the Demigod Fire Elementalist began the quest for
                  | the Orb.
     0 | D:1      | Reached XP level 1. HP: 14/14 MP: 5/5
    21 | D:1      | Reached skill level 1 in Conjurations
   236 | D:1      | Reached XP level 2. HP: 20/20 MP: 4/7
   742 | D:1      | Reached skill level 2 in Conjurations
  1026 | D:1      | Reached XP level 3. HP: 26/26 MP: 4/8
  1087 | D:1      | Noticed a soul eater
  2238 | D:2      | Found a runed translucent door.
  2239 | D:2      | Noticed Crazy Yiuf
  2398 | D:2      | Learned a level 3 spell: Conjure Flame
  2436 | D:3      | Reached XP level 4. HP: 33/33 MP: 5/9
  2534 | D:3      | Reached skill level 3 in Conjurations
  2922 | D:3      | Noticed Robin
  2934 | D:3      | Killed Robin
  2940 | D:3      | Reached XP level 5. HP: 37/38 MP: 0/10
  3251 | D:3      | Noticed Terence
  4036 | D:4      | Reached skill level 4 in Conjurations
  4036 | D:4      | Reached XP level 6. HP: 45/45 MP: 5/11
  4220 | D:4      | Found Tetapt's Magic Scroll Shoppe.
  4241 | D:4      | Reached skill level 5 in Fire Magic
  4551 | D:4      | Bought a scroll of identify for 26 gold pieces
  4551 | D:4      | Bought a scroll of fear for 45 gold pieces
  5283 | D:2      | Learned a level 4 spell: Sticky Flame
  5299 | D:2      | Killed Crazy Yiuf
  5463 | D:3      | Killed Terence
  5634 | D:5      | Entered Level 5 of the Dungeon
  5634 | D:5      | Noticed Ijyb
  5640 | D:5      | Killed Ijyb
  5641 | D:5      | Reached skill level 5 in Conjurations
  5641 | D:5      | Reached XP level 7. HP: 39/50 MP: 7/12
  5945 | D:5      | Noticed Prince Ribbit
  6040 | D:5      | Killed Prince Ribbit
  6148 | D:5      | Reached skill level 6 in Conjurations
  6315 | D:5      | Noticed a yak
  6951 | D:6      | Reached XP level 8. HP: 57/57 MP: 10/15
  6970 | D:6      | Reached skill level 7 in Conjurations
  7330 | D:6      | Reached skill level 8 in Conjurations
  8257 | D:6      | Noticed Eustachio
  8474 | D:6      | Killed Eustachio
  8475 | D:6      | Reached skill level 9 in Conjurations
  8930 | D:7      | Found a staircase to the Ecumenical Temple.
  9023 | D:7      | Noticed a manticore
  9662 | D:7      | Reached XP level 9. HP: 52/62 MP: 9/17
  9715 | D:7      | Learned a level 5 spell: Fireball
 10147 | D:7      | Killed a manticore
 10511 | D:8      | Reached skill level 1 in Fighting
 10751 | D:4      | Bought 2 scrolls of identify for 52 gold pieces
 10751 | D:4      | Bought a scroll of teleportation for 39 gold pieces
 11112 | D:8      | Found a staircase to the Lair.
 11400 | D:8      | Noticed Gastronok
 11476 | D:9      | Noticed a cyclops
 11479 | D:9      | Killed a cyclops
 12188 | D:9      | Reached XP level 10. HP: 77/77 MP: 8/19
 12816 | D:9      | Reached skill level 5 in Dodging
 13108 | D:10     | Entered Level 10 of the Dungeon
 13108 | D:10     | Noticed Harold
 13766 | D:10     | Reached skill level 5 in Fighting
 14607 | D:10     | Noticed a wizard
 14805 | D:10     | Found a staircase to the Orcish Mines.
 15657 | Orc:1    | Entered Level 1 of the Orcish Mines
 15658 | Orc:1    | - oops
 15738 | Lair:1   | Entered Level 1 of the Lair of Beasts
 16003 | Lair:1   | Reached skill level 10 in Conjurations
 16003 | Lair:1   | Reached XP level 11. HP: 89/89 MP: 16/20
 16797 | Lair:1   | Identified the +6 scimitar of Gluttony {flame, +Blink rF-
                  | rC+}
 16825 | Lair:1   | Reached skill level 11 in Conjurations
 17492 | Lair:2   | Found a gate leading to a gauntlet.
 17496 | Gauntlet | Entered a Gauntlet
 17496 | Gauntlet | Found a transporter.
 17505 | Gauntlet | Found a transporter.
 17508 | Gauntlet | Found a transporter.
 17520 | Gauntlet | Found a transporter.
 17521 | Gauntlet | Found a transporter.
 17521 | Gauntlet | Noticed a catoblepas
 17530 | Gauntlet | Found a transporter.
 17543 | Gauntlet | Found a runed translucent door.
 17547 | Gauntlet | Found a transporter.
 17554 | Gauntlet | Noticed an orange crystal statue
 17556 | Gauntlet | Found a transporter.
 17558 | Gauntlet | Noticed a cacodemon
 17560 | Gauntlet | Found a transporter.
 17560 | Gauntlet | Found a transporter.
 17574 | Gauntlet | Found a transporter.
 17594 | Gauntlet | Found a transporter.
 17596 | Gauntlet | Noticed a death yak
 17598 | Gauntlet | Noticed a death yak
 17604 | Gauntlet | Noticed a death yak
 17608 | Gauntlet | Noticed a necromancer
 17608 | Gauntlet | Noticed a death yak
 17610 | Gauntlet | Noticed a death yak
 17611 | Gauntlet | Found a transporter.
 17624 | Gauntlet | Found a transporter.
 17899 | Gauntlet | Engulfed by a cloud of freezing vapour

Illustrated notes

..........##
...........#
.........$.#
...........
..........##
....o......#
##.....o..##
......>@...#
....o.....##
..........#
...........#
.......#...#
##..$## #.##
#### ##


Turn 15658 on Orc:1: - oops

Levels and vault maps discovered:
D:1:      psy_arrival_fountain, layout_rooms,
          dreamdust_ecumenical_altar_sealed_demon
D:2:      layout_basic, serial_rivers, chequers_serial_rivers_micro_d,
          chequers_serial_rivers_micro_d, chequers_serial_rivers_small_b,
          chequers_serial_rivers_micro_b, chequers_serial_rivers_micro_d,
          uniq_crazy_yiuf_cottage
D:3:      cheibrodos_greedy_goblins, layout_loops_ring, uniq_terence, uniq_robin
D:4:      layout_loops_cross, serial_shops, nicolae_stop_n_shop_2,
          serial_bayou_pond_c, minmay_pentomino_pile
D:5:      layout_basic, overflow_temple_1_default, lightli_corner_chamber,
          uniq_prince_ribbit1, uniq_ijyb
D:6:      layout_loops_ring, chequers_serial_rivers_micro_a,
          minmay_mini_ossuary, uniq_eustachio
D:7:      layout_basic, nemelex_xobeh_ov_fountains_minmay,
          minmay_temple_entry_fiery, minmay_misc_feat_columns
D:8:      layout_basic, lair_entry_dummy, uniq_gastronok
D:9:      layout_cave_pools, kennysheep_little_box,
          chequers_temple_overflow_statue_of_worship, special_room
          [special_room_kobold]
D:10:     layout_gridville, nicolae_elyvilon_peaceful_grove,
          nicolae_overflow_crystal_walls,
          kennysheep_orc_monster_closet_entryway, laboratory, uniq_harold
Lair:1:   layout_cave_pods
Lair:2:   gammafunk_cloud_chamber, layout_regular_city,
          minmay_shoals_entry_beasts, gauntlet_entry_generic,
          portal_ice_cave_rime, serial_bayou_lake_a, grunt_megastairs_3
Orc:1:    layout_caves, nooodl_orcs_dogs, uniq_erica, uniq_nergalle,
          uniq_josephine
Gauntlet: minmay_gauntlet_77_tree [minmay_gauntlet_arena_77_p_blocks,
          minmay_gauntlet_arena_77_tiled_triplets, minmay_gauntlet_arena_77_fan,
          minmay_gauntlet_arena_77_mirror, minmay_gauntlet_arena_77_box,
          minmay_gauntlet_arena_77_path, minmay_gauntlet_arena_77_broken_ladder,
          gauntlet_exit_hidden_loot]

Skill      XL: |  1  2  3  4  5  6  7  8  9 10 11 |
---------------+----------------------------------+-----
Conjurations   | 1 2 3 4 5 6 9 10 11 | 11.9
Fire Magic     | 3 4 5 6 9 |  9.0
Spellcasting   | 3 4 |  4.0
Stealth        | 2 3 |  3.0
Fighting       | 3 6 |  6.0
Dodging        | 3 6 |  6.0

Action                   |  1- 3 |  4- 6 |  7- 9 | 10-12 || total
-------------------------+-------+-------+-------+-------++-------
Melee: Unarmed           |     1 |       |       |       ||     1
       Dagger            |       |    16 |    36 |    65 ||   117
       Staff             |       |       |       |     6 ||     6
       Scimitar          |       |       |       |     3 ||     3
Throw: Dart              |       |     1 |       |       ||     1
       Stone             |       |       |     5 |     1 ||     6
 Cast: Foxfire           |    96 |   122 |   175 |   154 ||   547
       Conjure Flame     |       |     3 |    20 |    15 ||    38
       Sticky Flame      |       |     1 |    29 |    45 ||    75
       Fireball          |       |       |    12 |    19 ||    31
 Abil: Evoke Blink       |       |       |       |     3 ||     3
Evoke: Wand              |       |       |       |    11 ||    11
  Use: Scroll            |       |     4 |     7 |     2 ||    13
       Potion            |       |       |       |     1 ||     1
 Stab: Sleeping          |       |       |     1 |       ||     1
Armor: Robe              |     7 |     5 |       |       ||    12
       Animal skin       |       |    14 |    27 |    56 ||    97
Dodge: Dodged            |    12 |    28 |    49 |   119 ||   208
       Rpst.: Scimitar   |       |       |       |     3 ||     3
